 Dungeon Crawl Stone Soup version 0.28-a0-32-g8dfe7f97f6 (webtiles) character file.

Game seed: 15147872909227308594

238726 Sobieck the Eclecticist (level 19, -23/116 HPs)
             Began as a Deep Elf Conjurer on July 26, 2021.
             Was an Elder of Vehumet.
             Killed from afar by a will-o-the-wisp (27 damage)
             ... with a foxfire
             ... on level 1 of the Swamp on July 27, 2021.
             The game lasted 03:54:14 (68125 turns).

Sobieck the Eclecticist (Deep Elf Conjurer)        Turns: 68125, Time: 03:54:15

Health: -23/116    AC: 15    Str:  7    XL:     19   Next: 0%
Magic:  38/42      EV: 24    Int: 33    God:    Vehumet [****..]
Gold:   739        SH:  7    Dex: 13    Spells: 14/53 levels left

rFire   . . .      SeeInvis +   J - staff of conjuration {!a@e2staff}
rCold   . . .      Faith    .   L - +2 buckler
rNeg    . . .      Spirit   .   W - +2 robe {Will+}
rPois   +          Reflect  .   T - +1 helmet {SInv}
rElec   +          Harm     .   B - +2 cloak
rCorr   .          Rampage  .   h - +2 pair of gloves {Str+3}
Will    +++..      Clarity  +   t - +2 pair of boots
Stlth   ++++......              C - amulet of magic regeneration {@e2}
HPRegen 0.29/turn               P - ring "Bacsew" {rElec rPois Will+ SInv}
MPRegen 0.53/turn               i - ring "Kiohosir" {EV+4 Int+3}

@: no status effects
A: clarity, dopey 1, electricity resistance, subdued magic 1
}: 1/15 runes: serpentine
a: Renounce Religion


You were on level 1 of the Swamp.
You worshipped Vehumet.
Vehumet was greatly pleased with you.
You visited 7 branches of the dungeon, and saw 32 of its levels.

You collected 3674 gold pieces.
You spent 2935 gold pieces at shops.


Innate Abilities, Weirdness & Mutations

You possess an exceptional clarity of mind.
You are dopey. (Int -2)
You are resistant to electric shocks. (rElec)
Your spells are a little easier to cast, but a little less powerful.


   Skills:
 - Level 12.0 Fighting
 + Level 16.7 Dodging
 - Level 10.0 Stealth
 - Level 4.0 Shields
 + Level 17.9 Spellcasting
 + Level 16.5 Conjurations
 - Level 10.0 Hexes
 - Level 3.0 Translocations
 - Level 10.0 Air Magic
 - Level 11.0 Earth Magic
 - Level 5.4 Poison Magic
 - Level 9.0 Evocations


You had 14 spell levels left.
You knew the following spells:

 Your Spells              Type           Power      Damage    Failure   Level
a - Orb of Destruction    Conj           51%        9d16      1%          7
b - Searing Ray           Conj           100%       3d7       0%          2
c - Fulminant Prism       Conj/Hex       47%        3d21      1%          4
d - Iskenderun's Mystic   Conj/Tloc      83%        2d16      1%          4
e - Spellforged Servitor  Conj/Summ      38%        N/A       9%          7
f - Iron Shot             Conj/Erth      47%        9d9       1%          6
g - Conjure Ball Lightni  Conj/Air       47%        3x3d16    1%          6
h - Swiftness             Air            65%        N/A       1%          3

Your spell library contained the following spells:

 Spells                   Type           Power      Damage    Failure   Level
 Starburst                Conj/Fire      38%        8x6d11    1%          6
 Corona                   Hex            72%        N/A       0%          1
 Magic Dart               Conj           100%       1d8       0%          1
 Sandblast                Erth           100%       2d20      0%          1
 Slow                     Hex            65%        N/A       0%          2
 Dazzling Flash           Conj/Hex       100%       N/A       0%          3
 Stone Arrow              Conj/Erth      100%       3d13      0%          3
 Beastly Appendage        Tmut           44%        N/A       1%          1
 Freeze                   Ice            88%        1d10      1%          1
 Pain                     Necr           88%        1d8       1%          1
 Sting                    Tmut/Pois      100%       1d8       1%          1
 Blink                    Tloc           N/A        N/A       1%          2
 Ensorcelled Hibernation  Hex/Ice        96%        N/A       1%          2
 Passwall                 Tmut/Erth      41%        N/A       1%          2
 Poisonous Vapours        Pois/Air       100%       N/A       1%          2
 Wereblood                Tmut           22%        N/A       1%          2
 Confusing Touch          Hex            65%        N/A       1%          3
 Frozen Ramparts          Ice            44%        1d6       1%          3
 Spider Form              Tmut/Pois      18%        N/A       1%          3
 Tukima's Dance           Hex            65%        N/A       1%          3
 Airstrike                Air            32%        N/A       1%          4
 Animate Armour           Summ/Erth      100%       N/A       1%          4
 Cause Fear               Hex            32%        N/A       1%          4
 Hailstorm                Conj/Ice       77%        3d16      1%          4
 Leda's Liquefaction      Hex/Erth       33%        N/A       1%          4
 Olgreb's Toxic Radiance  Pois           50%        N/A       1%          4
 Summon Lightning Spire   Summ/Air       48%        N/A       1%          4
 Bolt of Magma            Conj/Fire/Erth 40%        4d17      1%          5
 Freezing Cloud           Conj/Ice/Air   39%        6-21      1%          5
 Irradiate                Conj/Tmut      38%        3d26      1%          5
 Lee's Rapid Deconstruct  Erth           34%        3d18*     1%          5
 Lightning Bolt           Conj/Air       47%        1d67      1%          5
 Silence                  Hex/Air        32%        N/A       1%          5
 Yara's Violent Unravell  Hex/Tmut       24%        3d11      1%          5
 Ozocubu's Armour         Ice            22%        N/A       2%          3
 Passage of Golubria      Tloc           N/A        N/A       2%          4
 Borgnjor's Vile Clutch   Necr/Erth      25%        N/A       2%          5
 Invisibility             Hex            32%        N/A       2%          6
 Lehudib's Crystal Spear  Conj/Erth      47%        10d11     7%          8
 Animate Dead             Necr           11%        N/A       11%         4
 Statue Form              Tmut/Erth      33%        N/A       17%         6
 Agony                    Necr           22%        N/A       30%         5
 Blade Hands              Tmut           11%        N/A       30%         5
 Excruciating Wounds      Necr           11%        N/A       30%         5
 Death Channel            Necr           11%        N/A       87%         6
 Shadow Creatures         Summ           N/A        N/A       87%         6
 Simulacrum               Ice/Necr       11%        N/A       87%         6
 Ozocubu's Refrigeration  Ice            11%        4d7       91%         7
 Shatter                  Erth           34%        3d27*     95%         9
 Dragon Form              Tmut           11%        N/A       100%        7
 Disjunction              Tloc           19%        N/A       100%        8
 Dragon's Call            Summ           11%        N/A       100%        9
 Polar Vortex             Ice            11%        N/A       100%        9

Inventory:

Hand Weapons
 s - a +6 whip of electrocution {mace}
   (You took it off a deep elf archer on level 3 of the Elven Halls)
 u - a +3 short sword of speed {short}
   (You took it off a deep elf sorcerer on level 3 of the Elven Halls)
Armour
 h - a +2 pair of gloves of strength (worn)
   (You found it on level 2 of the Dungeon)
 t - a +2 pair of boots (worn)
   (You found it on level 3 of the Dungeon)
 B - a +2 cloak (worn)
   (You bought it in a shop on level 3 of the Dungeon)
 L - a +2 buckler (worn)
   (You found it on level 3 of the Snake Pit)
 T - a +1 helmet of see invisible (worn)
   (You found it on level 3 of the Elven Halls)
 W - a +2 robe of willpower (worn)
   (You bought it in a shop on level 3 of the Dungeon)
Magical Staves
 J - a staff of conjuration (weapon) {!a@e2staff}
   (You found it on level 3 of the Elven Halls)
Jewellery
 i - the ring "Kiohosir" (right hand) {EV+4 Int+3}
   (You took it off a deep elf knight on level 3 of the Elven Halls)

   [ring of evasion]

   EV:        It affects your evasion (+4).
   Int:       It affects your intelligence (+3).
 k - a ring of resist corrosion
   (You bought it in a shop on level 2 of the Elven Halls)
 y - a ring of flight
   (You found it on level 1 of the Snake Pit)
 C - an amulet of magic regeneration (around neck) {@e2}
   (You bought it in a shop on level 1 of the Snake Pit)
 G - a ring of fire
   (You took it off an orc on level 6 of the Dungeon)
 P - the ring "Bacsew" (left hand) {rElec rPois Will+ SInv}
   (You took it off a deep elf zephyrmancer on level 3 of the Elven Halls)

   [ring of see invisible]

   rElec:     It insulates you from electricity.
   rPois:     It protects you from poison.
   SInv:      It lets you see invisible.
   Will:      It increases your willpower.
Wands
 b - a wand of polymorph (7)
   (You took it off a deep elf zephyrmancer on level 1 of the Elven Halls)
 l - a wand of iceblast (46)
   (You took it off an orc on level 6 of the Dungeon)
 x - a wand of digging (15)
   (You found it on level 4 of the Dungeon)
 M - a wand of mindburst (17)
   (You found it on level 11 of the Dungeon)
 V - a wand of acid (17)
   (You found it on level 13 of the Dungeon)
 X - a wand of charming (6)
   (You took it off Maurice on level 11 of the Dungeon)
 Y - a wand of paralysis (8)
   (You found it on level 1 of the Snake Pit)
 Z - a wand of flame (37)
   (You found it on level 14 of the Dungeon)
Scrolls
 a - 2 scrolls of amnesia
 e - 10 scrolls of identify {@r1}
 g - a scroll of fog
 m - 10 scrolls of teleportation {@r4}
 p - 4 scrolls of magic mapping {!r}
 r - 2 scrolls of immolation {!r!r}
 v - 4 scrolls of silence {!r}
 E - a scroll of vulnerability {!r!r}
 F - 2 scrolls of holy word
 I - a scroll of blinking {!r}
 Q - 2 scrolls of summoning
 S - 3 scrolls of enchant armour
Potions
 d - 9 potions of curing {@q1}
 f - 3 potions of invisibility
 j - 6 potions of brilliance
 n - 7 potions of might
 o - 4 potions of heal wounds {@q2}
 q - 2 potions of resistance
 w - a potion of cancellation
 z - 3 potions of haste {@q3}
 A - a potion of magic
 D - 6 potions of lignification {!q}
 H - a potion of mutation {!q}
 O - a potion of ambrosia
Miscellaneous
 K - a tin of tremorstones (2/2) {throwing}
   (You found it on level 6 of the Lair of Beasts)
 N - a lightning rod (4/4)
   (You found it on level 11 of the Dungeon)
 R - a condenser vane
   (You found it on level 3 of the Elven Halls)
 U - a box of beasts
   (You found it on level 13 of the Dungeon)

Dungeon Overview and Level Annotations

Branches:
Dungeon (15/15)            Temple (1/1) D:4            Lair (6/6) D:8
  Swamp (1/4) Lair:2        Snake (4/4) Lair:3        Slime (0/5) Lair:5
    Orc (2/2) D:10            Elf (3/3) Orc:2        Vaults (0/5) D:14
 Depths (0/5) D:15

Altars:
Dithmenos
Elyvilon
Fedhas
Hepliaklqana
Kikubaaqudgha
Makhleb
Okawaru
Qazlal
Trog
Uskayaw
Vehumet
Wu Jian
Xom
Zin
Beogh
Jiyva
Lugonu

Shops:
D:3 [   D:4 !   D:5 [(?   D:10 !   Orc:1 *   Orc:2 :!?[   Elf:2 *   Snake:1 ::=

Portals:
Abyss: Lair:6

Annotations:
D:5 2 runed translucent doors, exclusion: downstairs, Drazool's ghost, novice DjFE
D:10 exclusion: downstairs
D:13 2 transporters, exclusion: 3 ice statues, pokeman's ghost, journeyman DEWz
D:14 exclusion: downstairs
Lair:2 exclusion: downstairs
Lair:5 1 runed translucent door
Snake:2 exclusion: downstairs
Elf:2 3 runed translucent doors

♣♣♣♣♣♣♣♣♣♣
♣♣♣...♣≈...♣♣
♣♣♣..≈≈≈..≈≈≈. ≈
....§≈≈≈.§≈≈≈♣♣ .≈
§≈..≈≈...≈ ≈.≈♣..♣
§.≈≈≈)..≈♣♣.......
...§..≈.vi≈≈.≈.n.§
.!.....<.v......≈≈
.........@vw....≈≈
≈≈≈≈..≈≈v?§...§≈≈≈
≈§≈≈§≈≈≈≈k§....≈≈.
≈§≈≈≈≈≈§.§§≈.♣≈≈≈.
≈≈≈....}.§§≈.≈♣♣..
≈≈..≈♣♣.§v§§≈.≈. .
..♣♣♣ ..≈≈♣♣≈♣♣..
♣≈≈≈k♣ ♣♣ ♣.


You could see a spriggan rider, 2 will-o-the-wisps, a bog body (wandering), a
swamp worm (fleeing) and 2 swamp drakes.


Message History

Your ball lightning explodes!
The blast of lightning engulfs the spriggan!!
You kill the spriggan!
Vehumet accepts your kill.
You feel your power returning.
You hear a splash.
The blast of lightning engulfs you! You resist.
A will-o-the-wisp comes into view.
You hear an angry buzzing noise. x3; You hear a roar! 😕 HP[-18] MP[+2]
You take 18 damage, and now have 88/116 hp.
You regained 2 mp, and now have 39/42 mp.
You feel a surge of power!
You create some ball lightning! 3 ball lightnings come into view.
A swamp worm comes into view. 😕 MP[-6]
You lost 6 mp, and now have 33/42 mp.
A swamp drake comes into view.
Your ball lightning explodes!
The blast of lightning engulfs your ball lightning.
Your ball lightning completely resists.
The blast of lightning engulfs the will-o-the-wisp!
The will-o-the-wisp resists.
You hear a shout!
You hear a roar! x2; You hear an angry buzzing noise. 😕 MP[+1]
The will-o-the-wisp gestures.
The will-o-the-wisp conjures some foxfire!
Your ball lightning explodes!
The blast of lightning engulfs your ball lightning.
Your ball lightning completely resists.
The blast of lightning engulfs the foxfire!!
The blast of lightning engulfs you. You resist.
The blast of lightning engulfs the foxfire!!
You hear a chilling moan.
You hear a roar!
You hear an angry buzzing noise. 2 foxfires come into view. 😮 HP[-3]
You take 3 damage, and now have 85/116 hp.
The foxfire hits your ball lightning.
Your ball lightning completely resists.
The foxfire hits your ball lightning.
Your ball lightning completely resists.
A spriggan rider comes into view. It is wielding a +0 spear.
Your ball lightning explodes!
The blast of lightning engulfs the will-o-the-wisp.
The will-o-the-wisp resists.
The blast of lightning engulfs the swamp worm!!
The swamp drake breathes poison at you. 😮 MP[+1] Unknown command.
The swamp worm fires a harpoon shot at you.
The harpoon shot hits you!!
You stop ascending the stairs.
You are yanked forward by the harpoon shot.
The will-o-the-wisp gestures.
The will-o-the-wisp conjures some foxfire! 2 foxfires come into view. 😮 HP[-22]
You take 22 damage, and now have 63/116 hp.
The foxfire hits you!!
* * * LOW HITPOINT WARNING * * *
The foxfire hits you!
* * * LOW HITPOINT WARNING * * *
The spriggan rider closely misses you.
The swamp worm fires a harpoon shot at you.
The harpoon shot misses you.
The will-o-the-wisp misses you. 😨 HP[-33] MP[+1]
You take 33 damage, and now have 30/116 hp.
MASSIVE DAMAGE!! (PAUSE)
A will-o-the-wisp comes into view. 😨 MP[+1]
The will-o-the-wisp gestures.
The will-o-the-wisp conjures some foxfire!
The swamp worm fires a harpoon shot at you.
The harpoon shot hits you!
* * * LOW HITPOINT WARNING * * *
You are yanked forward by the harpoon shot.
You block the will-o-the-wisp's attack.
The spriggan rider hits you but does no damage.
A bog body and 2 foxfires come into view. 😱 HP[-9]
You take 9 damage, and now have 21/116 hp.
Unknown command.
Really read
I - a scroll of blinking {!r}?
Okay, then.
Unknown command.
As you read the scroll of fear, it crumbles to dust.
You assume a fearsome visage.
The swamp drake looks frightened!
The will-o-the-wisp is unaffected.
The will-o-the-wisp is unaffected.
The spriggan rider easily resists.
The bog body is unaffected.
The foxfire is unaffected.
The swamp worm looks frightened!
The foxfire is unaffected.
A swamp drake comes into view.
The foxfire hits you!
* * * LOW HITPOINT WARNING * * *
The will-o-the-wisp gestures.
The will-o-the-wisp conjures some foxfire!
The foxfire hits you!!
You die...

Skill      XL: |  1  2  3  4  5  6  7  8  9 10 11 12 13 14 15 16 17 18 |
---------------+-------------------------------------------------------+-----
Spellcasting   | 4 5 7 9 10 11 12 14 16 17 | 17.9
Conjurations   | 5 6 7 8 9 10 12 14 15 16 | 16.5
Hexes          | 1 3 4 5 7 10 | 10.0
Shields        | 1 3 4 |  4.0
Translocations | 3 |  3.0
Fighting       | 3 5 6 7 9 10 12 | 12.0
Dodging        | 5 8 9 10 12 14 15 16 | 16.7
Stealth        | 6 8 10 | 10.0
Evocations     | 4 7 8 9 |  9.0
Poison Magic   | 1 3 5 |  5.4
Air Magic      | 5 9 10 | 10.0
Earth Magic    | 2 4 7 11 | 11.0

Action                   |  1- 3 |  4- 6 |  7- 9 | 10-12 | 13-15 | 16-18 | 19-21 || total
-------------------------+-------+-------+-------+-------+-------+-------+-------++-------
Melee: Falchion          |       |       |     1 |     7 |       |       |       ||     8
       Scimitar          |       |       |       |    10 |    13 |       |       ||    23
       Staff             |       |       |       |       |       |     2 |       ||     2
 Cast: Magic Dart        |    48 |    97 |    42 |     8 |       |       |       ||   195
       Searing Ray       |     3 |     8 |    18 |    10 |    11 |     2 |       ||    52
       Fulminant Prism   |       |    14 |    75 |   183 |   109 |     1 |       ||   382
       Iskenderun's Myst |       |       |     2 |    41 |    48 |    13 |       ||   104
       Tukima's Dance    |       |       |       |     3 |     1 |       |       ||     4
       Olgreb's Toxic Ra |       |       |       |     1 |       |       |       ||     1
       Conjure Ball Ligh |       |       |       |       |   274 |   283 |     2 ||   559
       Orb of Destructio |       |       |       |       |    69 |   151 |       ||   220
       Iron Shot         |       |       |       |       |     5 |     2 |       ||     7
Evoke: Wand              |       |       |       |     2 |     4 |     3 |       ||     9
  Use: Potion            |       |     2 |       |     2 |       |     4 |       ||     8
       Scroll            |       |       |    12 |    12 |     9 |     8 |     1 ||    42
 Stab: Sleeping          |       |       |       |       |     1 |       |       ||     1
Armor: Robe              |     2 |     3 |    13 |    40 |    48 |    28 |     1 ||   135
Dodge: Dodged            |     1 |    14 |    19 |    76 |   128 |   115 |     3 ||   356
Block: Buckler           |       |       |     3 |    77 |   105 |    48 |     2 ||   235
       Reflection        |       |       |       |     3 |     7 |     5 |       ||    15
       Rpst.: Falchion   |       |     3 |     4 |     4 |       |       |       ||    11
       Scimitar          |       |       |       |    18 |    23 |       |       ||    41

Levels and vault maps discovered:
D:1:      evilmike_arrival_crescent, layout_basic,
          dreamdust_ecumenical_altar_statues
D:2:      layout_loops_ring, minmay_misc_feat_diagonals, minmay_tromino_i4
D:3:      layout_loops_ring, serial_shops, nicolae_diamond_shop, st_stairs_5,
          kennysheep_another_room, kennysheep_crisscross
D:4:      layout_gridville, grunt_dithmenos_smoke_and_mirrors,
          mainiacjoe_overflow_divided_tiny, minmay_temple_entry_enclosed_plants,
          serial_shops, shop, enter_ossuary_5
D:5:      layout_loops_ring, ebering_ghost_sewer_f, serial_shops, shop,
          nicolae_shop_waterfront, shop
D:6:      layout_basic, grunt_qazlal_clouds, uniq_blork_the_orc
D:7:      layout_rooms
D:8:      layout_loops_cross, mainiacjoe_overflow_alcove_2,
          mainiacjoe_overflow_cross_hatched, lair_entry_dummy, uniq_harold
D:9:      layout_layer_cave, fedhas_altar_1, nicolae_elyvilon_peaceful_grove,
          nicolae_sextant
D:10:     layout_rooms, minmay_orc_entry_temple_small, serial_shops, shop
D:11:     layout_rooms, uniq_gastronok, uniq_erolcha, uniq_maurice
D:12:     layout_roguey, gauntlet_entry_generic,
          hellmonk_guarded_unrand_gyre_and_gimble
D:13:     layout_roguey, nzn_ghost_randoct, uniq_kirke, uniq_nessos
D:14:     layout_loops_ring, hangedman_vaults_entry_quadrant_bands, uniq_louise,
          uniq_roxanne, uniq_jorgrun
D:15:     grunt_enter_depths_hoard, layout_grid_maze, drop_trap
Temple:   eino_temple_water
Lair:1:   layout_misc_corridors, st_stairs_11, infiniplex_staircase_pool_2,
          serial_bayou_shore_a
Lair:2:   layout_small_grid, nicolae_swamp_entry_splash_gauntlet,
          grunt_megastairs_2
Lair:3:   layout_gridlike, minmay_snake_entry_six_corridors,
          beast_lair_carwin_8, grunt_megastairs_4, uniq_rupert
Lair:4:   layout_cave_pods, beast_lair_carwin_2, uniq_nergalle
Lair:5:   layout_roguey, slime_altar_2, grunt_megastairs_5, lemuel_fruit_fields
Lair:6:   hellmonk_lair_end_abyssal_woods, layout_gridlike,
          minmay_lair_oklob_chamber, uniq_snorg
Swamp:1:  layout_basic_swamp, hangedman_swamp_ruin_wall, swamp_pool5,
          lemuel_altar_in_water
Snake:1:  layout_onion_interference, minmay_shop_grove
Snake:2:  layout_rooms, drop_trap
Snake:3:  nicolae_aizul_guard, layout_chambers, special_room, drop_trap,
          st_stairs_13, nicolae_snake_lava_pool, serial_bayou_shore_b
Snake:4:  johnstein_snake_rune_scales, layout_cave_town,
          portal_ice_cave_entry_pillars_three
Orc:1:    layout_caves, nicolae_shop_gadgets
Orc:2:    kennysheep_orc_mage_school, layout_diamond_mine, nicolae_orc_rockfall
Elf:1:    nicolae_elf_arrival_fired_up, layout_geoelf_grid,
          minmay_elf_crystal_hexagon
Elf:2:    nicolae_elf_blades_splatter_lattice [infiniplex_blade_entry_pillars],
          layout_loops_corners, serial_sigils, serial_sigils_hangedman_gnaw,
          serial_sigils_hangedman_gut, serial_sigils_hangedman_clutch,
          serial_sigils_hangedman_gut, serial_shops, nicolae_shop_waterfront
Elf:3:    grunt_elf_hall_branching, layout_geoelf_octagon, drop_trap

Notes
Turn   | Place    | Note
-------+----------+-------------------------------------------
     0 | D:1      | Sobieck the Deep Elf Conjurer began the quest for the Orb.
     0 | D:1      | Reached XP level 1. HP: 10/10 MP: 6/6
     0 | D:1      | magus.rc [v1.9.6]
   283 | D:1      | Reached XP level 2. HP: 15/15 MP: 2/8
   435 | D:1      | Found a faded altar of an unknown god.
   875 | D:1      | Learned a level 2 spell: Searing Ray
   985 | D:1      | Reached skill level 4 in Spellcasting
  1029 | D:1      | Reached skill level 5 in Conjurations
  1029 | D:1      | Reached XP level 3. HP: 19/19 MP: 7/10
  1269 | D:2      | Reached XP level 4. HP: 24/24 MP: 4/12
  1274 | D:2      | Learned a level 4 spell: Fulminant Prism
  1738 | D:2      | Reached skill level 5 in Spellcasting
  1738 | D:2      | Reached skill level 1 in Hexes
  1743 | D:2      | Reached XP level 5. HP: 22/28 MP: 3/14
  1893 | D:2      | Reached skill level 2 in Hexes
  2520 | D:4      | Found a shadowy altar of Dithmenos.
  2527 | D:4      | Found Suny's Distillery.
  2628 | D:3      | Reached skill level 6 in Conjurations
  2831 | D:3      | Reached skill level 3 in Hexes
  2938 | D:3      | Reached XP level 6. HP: 32/32 MP: 14/16
  3334 | D:3      | Reached skill level 6 in Spellcasting
  3442 | D:3      | Learned a level 4 spell: Iskenderun's Mystic Blast
  3711 | D:3      | Found Tyum's Armour Shoppe.
  4230 | D:4      | Reached skill level 4 in Hexes
  4608 | D:4      | Noticed a wyvern
  4619 | D:4      | Killed a wyvern
  4620 | D:4      | Reached skill level 7 in Spellcasting
  4620 | D:4      | Reached XP level 7. HP: 36/36 MP: 3/19
  4727 | D:4      | Reached skill level 7 in Conjurations
  4727 | D:4      | Reached skill level 5 in Hexes
  4812 | D:4      | Found a staircase to the Ecumenical Temple.
  4820 | Temple   | Entered the Ecumenical Temple
  4841 | Temple   | Became a worshipper of Vehumet
  5209 | D:4      | Found a shimmering altar of Xom.
  5210 | D:4      | Found a hide-covered altar of Uskayaw.
  5253 | D:5      | Entered Level 5 of the Dungeon
  5393 | D:5      | Found a runed translucent door.
  5400 | D:5      | Noticed Drazool's ghost (novice DjFE)
  5550 | D:5      | Found Kelucw's Antique Armour Shoppe.
  5627 | D:3      | Bought a +1 cloak for 149 gold pieces
  5806 | D:5      | Found Wocasos's Magic Scroll Shoppe.
  5866 | D:5      | You pick up a book of Maledictions and begin reading...
  5866 | D:5      | You add the spells Corona, Ensorcelled Hibernation and
                  | Tukima's Dance to your library.
  5903 | D:5      | Reached skill level 1 in Shields
  5903 | D:5      | Reached XP level 8. HP: 41/41 MP: 12/21
  6007 | D:5      | Found Poaxeb's Antique Weapon Boutique.
  6092 | D:5      | Found a runed translucent door.
  6385 | D:5      | Reached skill level 6 in Hexes
  6573 | D:6      | Noticed Blork the orc
  6577 | D:5      | Reached skill level 8 in Spellcasting
  6878 | D:6      | Reached skill level 2 in Shields
  6980 | D:6      | Reached skill level 8 in Conjurations
  7100 | D:6      | Reached skill level 7 in Hexes
  7361 | D:6      | Killed Blork the orc
  7439 | D:6      | Reached skill level 9 in Spellcasting
  7671 | D:6      | Reached skill level 3 in Shields
  7676 | D:6      | Reached * piety under Vehumet
  7676 | D:6      | Offered knowledge of Shock by Vehumet.
  7682 | D:6      | Reached XP level 9. HP: 45/45 MP: 11/24
  7873 | D:6      | Found a stormy altar of Qazlal.
  8267 | D:7      | Reached skill level 8 in Hexes
  8685 | D:7      | Noticed a troll
  8698 | D:7      | Killed a troll
  8699 | D:7      | Reached skill level 9 in Conjurations
  8699 | D:7      | Reached skill level 9 in Hexes
  8789 | D:7      | You pick up a book of the Dragon and begin reading...
  8789 | D:7      | You add the spells Cause Fear, Dragon Form and Dragon's
                  | Call to your library.
  8890 | D:7      | Learned a level 3 spell: Tukima's Dance
  9117 | D:8      | Reached skill level 4 in Shields
  9117 | D:8      | Reached skill level 10 in Spellcasting
  9117 | D:8      | Reached skill level 1 in Translocations
  9119 | D:8      | Offered knowledge of Foxfire by Vehumet.
  9204 | D:8      | Reached ** piety under Vehumet
  9216 | D:8      | Reached skill level 2 in Translocations
  9363 | D:8      | Reached skill level 10 in Hexes
  9599 | D:8      | Found an ornate altar of the Wu Jian Council.
  9745 | D:8      | Reached skill level 3 in Translocations
  9745 | D:8      | Reached XP level 10. HP: 50/50 MP: 21/26
  9747 | D:8      | Gained mutation: You are resistant to electric shocks.
                  | (rElec) [potion of mutation]
  9747 | D:8      | Gained mutation: Your spells are a little easier to cast,
                  | but a little less powerful. [potion of mutation]
  9747 | D:8      | Gained mutation: You possess an exceptional clarity of
                  | mind. [potion of mutation]
  9966 | D:3      | Bought a +2 robe of willpower for 230 gold pieces
 10175 | D:8      | Noticed Harold
 10191 | D:8      | Killed Harold
 10192 | D:8      | Reached skill level 10 in Conjurations
 10192 | D:8      | Reached skill level 1 in Fighting
 10192 | D:8      | Reached skill level 3 in Dodging
 10192 | D:8      | Reached skill level 3 in Stealth
 10192 | D:8      | Reached skill level 1 in Evocations
 10223 | D:8      | Offered knowledge of Mephitic Cloud by Vehumet.
 10368 | D:8      | Found an iron altar of Okawaru.
 10638 | D:8      | Found a staircase to the Lair.
 10793 | D:9      | Reached skill level 2 in Evocations
 11002 | D:9      | Found a blossoming altar of Fedhas.
 11065 | D:9      | Reached *** piety under Vehumet
 11084 | D:9      | Reached skill level 4 in Stealth
 11212 | D:9      | Reached skill level 2 in Fighting
 11212 | D:9      | Reached skill level 4 in Dodging
 11436 | D:9      | Found a white marble altar of Elyvilon.
 11448 | D:9      | Reached skill level 3 in Evocations
 11995 | D:9      | Reached skill level 5 in Stealth
 12293 | D:9      | Reached skill level 5 in Dodging
 12299 | D:9      | Offered knowledge of Olgreb's Toxic Radiance by Vehumet.
 12305 | D:9      | Learned a level 4 spell: Olgreb's Toxic Radiance
 12506 | D:9      | Reached skill level 3 in Fighting
 12506 | D:9      | Reached skill level 4 in Evocations
 12613 | D:10     | Entered Level 10 of the Dungeon
 12809 | D:10     | Found Gimoukaz's Distillery.
 12827 | D:10     | Bought a potion of degeneration for 15 gold pieces
 12842 | D:10     | Reached skill level 1 in Poison Magic
 12972 | D:10     | Found a staircase to the Orcish Mines.
 13310 | D:5      | Bought a scroll of blinking for 90 gold pieces
 13481 | D:11     | Noticed Gastronok
 13535 | D:11     | Noticed a green ugly thing
 13549 | D:11     | Killed a green ugly thing
 13550 | D:11     | Reached skill level 6 in Stealth
 13550 | D:11     | Reached XP level 11. HP: 60/60 MP: 15/27
 13629 | D:11     | Noticed Erolcha
 13657 | D:11     | Killed Erolcha
 13658 | D:11     | Reached skill level 2 in Poison Magic
 13841 | D:11     | Noticed a two-headed ogre
 13850 | D:11     | Killed a two-headed ogre
 13851 | D:11     | Reached skill level 6 in Dodging
 14005 | Lair:1   | Entered Level 1 of the Lair of Beasts
 14177 | D:5      | Bought a scroll of blinking for 90 gold pieces
 14177 | D:5      | Bought a scroll of identify for 24 gold pieces
 14177 | D:5      | Bought a scroll of identify for 24 gold pieces
 14324 | Lair:1   | Reached skill level 5 in Evocations
 14844 | Lair:1   | Reached skill level 3 in Poison Magic
 14850 | Lair:1   | Reached skill level 4 in Fighting
 14851 | Lair:1   | Reached skill level 7 in Stealth
 14857 | Lair:1   | Reached **** piety under Vehumet
 15297 | Lair:1   | You add the spells Sting and Poisonous Vapours to your
                  | library.
 15819 | Lair:2   | Noticed a five-headed hydra
 15823 | Lair:2   | Killed a five-headed hydra
 15824 | Lair:2   | Reached skill level 7 in Dodging
 15824 | Lair:2   | Reached skill level 6 in Evocations
 15825 | Lair:2   | Offered knowledge of Lightning Bolt by Vehumet.
 15826 | Lair:2   | Reached skill level 8 in Stealth
 16054 | Lair:2   | Reached skill level 5 in Fighting
 16430 | Lair:2   | Reached skill level 8 in Dodging
 16781 | Lair:2   | Noticed a bog body
 16793 | Lair:2   | Killed a bog body
 16794 | Lair:2   | Reached skill level 7 in Evocations
 16859 | Lair:2   | Reached XP level 12. HP: 39/68 MP: 28/28
 17031 | Lair:2   | Found a staircase to the Swamp.
 17161 | Lair:2   | Reached ***** piety under Vehumet
 17162 | Lair:2   | Reached skill level 9 in Stealth
 17580 | Lair:3   | Offered knowledge of Conjure Ball Lightning by Vehumet.
 17591 | Lair:2   | Learned a level 6 spell: Conjure Ball Lightning
 17600 | Lair:3   | Noticed a death yak
 17611 | Lair:3   | Killed a death yak
 17612 | Lair:3   | Reached skill level 1 in Air Magic
 17618 | Lair:3   | Noticed a death yak
 17621 | Lair:3   | Noticed a death yak
 17731 | Lair:3   | Reached skill level 2 in Air Magic
 17746 | Lair:3   | Killed a death yak
 17747 | Lair:3   | Reached skill level 9 in Dodging
 17748 | Lair:3   | Killed a death yak
 17749 | Lair:3   | Reached skill level 3 in Air Magic
 18041 | Lair:3   | You pick up a book of Dreams and begin reading...
 18041 | Lair:3   | You add the spells Spider Form and Shadow Creatures to your
                  | library.
 18050 | Lair:3   | Found a staircase to the Snake Pit.
 18317 | Lair:3   | Reached skill level 6 in Fighting
 18317 | Lair:3   | Reached skill level 8 in Evocations
 18470 | Lair:3   | Reached skill level 10 in Stealth
 18470 | Lair:3   | Reached skill level 4 in Air Magic
 18595 | Lair:3   | Noticed Rupert
 18599 | Lair:3   | Noticed a seven-headed hydra
 18822 | Lair:3   | magus.rc [v1.9.6]
 19065 | Lair:3   | Killed a seven-headed hydra
 19372 | Lair:3   | Killed Rupert
 19373 | Lair:3   | Reached skill level 5 in Air Magic
 19582 | Lair:4   | Noticed an eight-headed hydra
 19590 | Lair:4   | Killed an eight-headed hydra
 19591 | Lair:4   | Reached XP level 13. HP: 37/75 MP: 7/29
 19595 | Lair:3   | Reached skill level 10 in Dodging
 19796 | Lair:4   | Reached skill level 6 in Air Magic
 20245 | Lair:4   | Reached skill level 9 in Evocations
 20403 | Lair:4   | Noticed Nergalle
 20413 | Lair:4   | Killed Nergalle
 20594 | Lair:4   | Reached skill level 7 in Air Magic
 20607 | Lair:4   | Reached skill level 7 in Fighting
 21773 | Lair:5   | Reached skill level 8 in Air Magic
 21992 | Lair:5   | You add the spells Ozocubu's Armour and Ozocubu's
                  | Refrigeration to your library.
 22194 | Lair:5   | Upgraded the game from 0.28-a0-21-gf74fda84f9 to
                  | 0.28-a0-32-g8dfe7f97f6
 22194 | Lair:5   | magus.rc [v1.9.6]
 22344 | Lair:5   | Offered knowledge of Yara's Violent Unravelling by Vehumet.
 22788 | Lair:5   | Found a runed translucent door.
 22794 | Lair:5   | Found a viscous altar of Jiyva.
 22794 | Lair:5   | Noticed an acid blob
 22807 | Lair:5   | Noticed an acid blob
 22835 | Lair:5   | Found a staircase to the Slime Pits.
 23002 | Lair:5   | Identified the +1 leather armour of Qosm {Str+5 Slay+3}
 23650 | Orc:1    | Entered Level 1 of the Orcish Mines
 24003 | Orc:1    | Found Mos Dite's Gadget Gallery.
 24275 | Orc:2    | Entered Level 2 of the Orcish Mines
 24653 | Orc:2    | Reached skill level 9 in Air Magic
 24889 | Orc:2    | Found a staircase to the Elven Halls.
 25890 | Orc:2    | Found Muete's Antique Armour Shoppe.
 25923 | Orc:2    | Found Yrytwucu's Distillery.
 26312 | Orc:2    | Found an ancient bone altar of Kikubaaqudgha.
 26447 | Orc:2    | Bought a potion of magic for 96 gold pieces
 26475 | Orc:2    | Reached skill level 11 in Spellcasting
 26584 | Orc:2    | Found a radiant altar of Vehumet.
 26609 | Orc:2    | Gained mutation: You are dopey. (Int -2) [a neqoxec]
 26754 | Orc:2    | Found Laemn's Magic Scroll Emporium.
 27070 | Orc:2    | Reached XP level 14. HP: 46/80 MP: 13/31
 27238 | Orc:2    | Found Beimneeko's Book Shoppe.
 27533 | Lair:6   | Entered Level 6 of the Lair of Beasts
 27976 | Lair:5   | Offered knowledge of Bolt of Magma by Vehumet.
 27977 | Lair:5   | Reached skill level 11 in Dodging
 28878 | Lair:6   | Reached skill level 11 in Conjurations
 28880 | Lair:6   | Reached skill level 8 in Fighting
 29261 | Lair:6   | You pick up a book of Pain and begin reading...
 29261 | Lair:6   | You add the spells Pain, Agony and Excruciating Wounds to
                  | your library.
 31467 | Lair:6   | Reached skill level 10 in Air Magic
 31473 | Lair:6   | Noticed Snorg
 31626 | Lair:6   | Killed Snorg
 31627 | Lair:6   | Reached skill level 12 in Spellcasting
 32327 | Lair:6   | Identified the +3 leather armour "Veunaett" {rCorr SInv}
 32543 | Lair:6   | You pick up a book of Unlife and begin reading...
 32543 | Lair:6   | You add the spells Animate Dead, Borgnjor's Vile Clutch and
                  | Death Channel to your library.
 32880 | Lair:6   | Reached skill level 12 in Dodging
 33703 | Lair:6   | Found a corrupted altar of Lugonu.
 33703 | Lair:6   | Found a one-way gate to the infinite horrors of the Abyss.
 34362 | Orc:2    | Bought a book of Iron for 612 gold pieces
 34362 | Orc:2    | You pick up a book of Iron and begin reading...
 34362 | Orc:2    | You add the spells Animate Armour, Blade Hands and Iron
                  | Shot to your library.
 34362 | Orc:2    | Bought a book of the Earth for 680 gold pieces
 34362 | Orc:2    | You pick up a book of the Earth and begin reading...
 34362 | Orc:2    | You add the spells Stone Arrow, Bolt of Magma and Shatter
                  | to your library.
 34369 | Orc:2    | Learned a level 6 spell: Iron Shot
 34525 | D:11     | Noticed Maurice
 35268 | D:12     | Reached skill level 1 in Earth Magic
 36046 | D:12     | Reached skill level 12 in Conjurations
 36047 | D:12     | Reached skill level 9 in Fighting
 36047 | D:12     | Reached skill level 2 in Earth Magic
 36115 | D:12     | Found the +7 pair of quick blades "Gyre" and "Gimble"
                  | {protect}
 36122 | D:12     | S - the +7 pair of quick blades "Gyre" and "Gimble"
                  | {protect, shortrare=g}
 36142 | D:12     | You drop the +7 pair of quick blades "Gyre" and "Gimble"
                  | {protect, shortrare=g}.
 36145 | D:12     | S - the +7 pair of quick blades "Gyre" and "Gimble"
                  | {protect, shortrare=g}
 36396 | D:12     | Reached XP level 15. HP: 70/90 MP: 26/33
 36832 | D:13     | Noticed Kirke
 36941 | D:13     | Killed Kirke
 37112 | D:13     | Offered knowledge of Orb of Destruction by Vehumet.
 37118 | D:13     | Noticed a sphinx
 37483 | D:13     | Noticed pokeman's ghost (journeyman DEWz)
 37486 | D:13     | Found a transporter.
 37488 | D:13     | Found a transporter.
 37492 | D:13     | Noticed Nessos
 37495 | D:13     | Killed Nessos
 37496 | D:13     | Reached skill level 13 in Spellcasting
 37496 | D:13     | Reached skill level 3 in Earth Magic
 37879 | D:13     | You pick up a book of Geomancy and begin reading...
 37879 | D:13     | You add the spells Sandblast, Passwall and Lee's Rapid
                  | Deconstruction to your library.
 38231 | D:13     | Learned a level 7 spell: Orb of Destruction
 39083 | D:14     | Noticed Jorgrun
 39090 | D:14     | Killed Jorgrun
 39357 | D:14     | Reached skill level 4 in Earth Magic
 39775 | D:14     | Noticed Roxanne
 40057 | D:14     | Killed Roxanne
 40058 | D:14     | Reached skill level 13 in Conjurations
 40059 | D:14     | You pick up a book of Stone and begin reading...
 40059 | D:14     | You add the spells Leda's Liquefaction and Statue Form to
                  | your library.
 40920 | D:14     | You drop the +7 pair of quick blades "Gyre" and "Gimble"
                  | {protect, shortrare=g}.
 40924 | D:14     | S - the +7 pair of quick blades "Gyre" and "Gimble"
                  | {protect, shortrare=g}
 40931 | D:14     | Noticed Louise
 40941 | D:14     | Killed Louise
 40998 | D:14     | L - a +2 eveningstar of holy wrath {macerare=g}
 41018 | D:14     | Found a gate to the Vaults.
 41192 | D:15     | Entered Level 15 of the Dungeon
 41469 | D:15     | Reached skill level 14 in Spellcasting
 41750 | Orc:2    | Bought a shiny helmet for 285 gold pieces
 41933 | D:11     | Killed Maurice
 41998 | D:11     | Killed Gastronok
 42429 | D:15     | Reached skill level 14 in Conjurations
 42652 | D:15     | Found a staircase to the Depths.
 43370 | D:15     | Reached XP level 16. HP: 96/96 MP: 22/36
 43906 | D:15     | You pick up a book of Misfortune and begin reading...
 43906 | D:15     | You add the spells Slow, Confusing Touch and Yara's Violent
                  | Unravelling to your library.
 44617 | D:15     | Reached skill level 15 in Conjurations
 44722 | D:14     | You drop a +2 eveningstar of holy wrath {macerare=g}.
 44723 | D:14     | You drop the +7 pair of quick blades "Gyre" and "Gimble"
                  | {protect, shortrare=g}.
 44775 | D:15     | magus.rc [v1.9.6]
 44969 | Snake:1  | Entered Level 1 of the Snake Pit
 44991 | Snake:1  | Reached skill level 15 in Spellcasting
 45400 | Snake:1  | magus.rc [v1.9.6]
 45934 | Snake:1  | Found Tiahotui's Book Shop.
 45935 | Snake:1  | Found Yzoopsug's Jewellery Emporium.
 45936 | Snake:1  | Found Gifin's Book Shop.
 46025 | Snake:1  | Reached skill level 13 in Dodging
 47270 | Snake:2  | Reached skill level 5 in Earth Magic
 47350 | Snake:2  | Reached skill level 4 in Poison Magic
 47598 | Snake:1  | Offered knowledge of Spellforged Servitor by Vehumet.
 47649 | Snake:1  | Learned a level 7 spell: Spellforged Servitor
 48030 | Snake:2  | magus.rc [v1.9.6]
 48074 | Snake:2  | You pick up a book of Unlife and begin reading...
 48180 | Snake:2  | You pick up a book of Storms and begin reading...
 48180 | Snake:2  | You add the spells Airstrike, Summon Lightning Spire and
                  | Lightning Bolt to your library.
 48642 | Snake:1  | Bought an amulet of magic regeneration for 390 gold pieces
 48809 | Snake:3  | HP: 19/97 [spore (9)]
 49116 | Snake:3  | Reached skill level 16 in Spellcasting
 49343 | Snake:3  | Reached skill level 5 in Poison Magic
 49416 | Snake:3  | Reached skill level 10 in Fighting
 49416 | Snake:3  | Reached skill level 6 in Earth Magic
 50319 | Snake:3  | Identified a +0 robe of the Archmagi
 50622 | Snake:3  | Reached skill level 14 in Dodging
 50622 | Snake:3  | Reached skill level 7 in Earth Magic
 50622 | Snake:3  | Reached XP level 17. HP: 95/102 MP: 35/39
 51495 | Snake:3  | HP: 18/103 [spore (9)]
 51567 | Snake:3  | HP: 21/103 [spore (8)]
 51994 | Snake:3  | Noticed Aizul
 52153 | Snake:3  | Killed Aizul
 52858 | Snake:4  | Entered Level 4 of the Snake Pit
 52862 | Snake:4  | Reached skill level 8 in Earth Magic
 53559 | Snake:4  | HP: 24/104 [spore (4)]
 54786 | Snake:4  | Reached skill level 11 in Fighting
 54985 | Snake:4  | Reached skill level 9 in Earth Magic
 54991 | Snake:4  | Offered knowledge of Freezing Cloud by Vehumet.
 54992 | Snake:4  | Reached skill level 15 in Dodging
 55005 | Snake:4  | HP: 21/104 [spore (8)]
 55985 | Snake:4  | Noticed Vashnia
 56009 | Snake:4  | Killed Vashnia
 56010 | Snake:4  | Reached skill level 10 in Earth Magic
 56597 | Snake:4  | Identified the +5 lajatang of Wusuceag {vorpal, Int+5}
 56831 | Snake:4  | Got a serpentine rune of Zot
 57217 | Elf:1    | Entered Level 1 of the Elven Halls
 57847 | Elf:1    | magus.rc [v1.9.6]
 58522 | Elf:1    | magus.rc [v1.9.6]
 58769 | Elf:1    | Reached skill level 12 in Fighting
 58800 | Elf:1    | HP: 24/106 [something (7)]
 58810 | Elf:1    | Reached skill level 11 in Earth Magic
 59051 | Elf:1    | Reached XP level 18. HP: 86/112 MP: 33/40
 62672 | Elf:2    | Found Helech's Assorted Antiques.
 62680 | Elf:2    | Bought a golden ring for 125 gold pieces
 62680 | Elf:2    | Bought a steel ring for 125 gold pieces
 62883 | Elf:3    | Entered Level 3 of the Elven Halls
 63578 | Elf:2    | Offered knowledge of Starburst by Vehumet.
 63656 | Elf:2    | Found a runed translucent gate.
 63656 | Elf:2    | Found a runed translucent gate.
 63657 | Elf:2    | Found a runed translucent gate.
 64119 | Elf:3    | Reached skill level 17 in Spellcasting
 64616 | Elf:3    | Reached skill level 16 in Dodging
 64684 | Elf:3    | You pick up a book of Burglary and begin reading...
 64684 | Elf:3    | You add the spells Swiftness and Invisibility to your
                  | library.
 64704 | Elf:3    | Learned a level 3 spell: Swiftness
 64740 | Elf:3    | Noticed an Ice Fiend
 64997 | Elf:3    | Identified the +7 ring mail of Osoutaew {rPois Dex+2}
 65273 | Elf:3    | Reached skill level 16 in Conjurations
 65655 | Elf:3    | Identified the ring "Bacsew" {rElec rPois Will+ SInv}
 66121 | Elf:3    | Identified the ring "Kiohosir" {EV+4 Int+3}
 66427 | Elf:3    | HP: 23/112 [deep elf high priest/damnation (30)]
 67113 | Elf:3    | Reached XP level 19. HP: 39/116 MP: 30/42
 67465 | Elf:3    | You pick up a book of Ice and begin reading...
 67465 | Elf:3    | You add the spells Freezing Cloud, Simulacrum and Polar
                  | Vortex to your library.
 67597 | Elf:3    | You add the spells Blink, Irradiate and Disjunction to your
                  | library.
 67597 | Elf:3    | Got Esuxtyog's Collected Works on Spatial Transformation
 67599 | Elf:3    | You pick up a book of the Moon and begin reading...
 67599 | Elf:3    | You add the spells Passage of Golubria, Silence and
                  | Lehudib's Crystal Spear to your library.
 67601 | Elf:3    | You pick up a book of Changes and begin reading...
 67601 | Elf:3    | You add the spells Beastly Appendage and Wereblood to your
                  | library.
 67851 | Elf:3    | You pick up a book of Frost and begin reading...
 67851 | Elf:3    | You add the spells Freeze, Frozen Ramparts and Hailstorm to
                  | your library.
 68112 | Swamp:1  | Entered Level 1 of the Swamp
 68124 | Swamp:1  | HP: 21/116 [swamp worm/harpoon shot (9)]
 68125 | Swamp:1  | HP: 4/116 [will-o-the-wisp/foxfire (17)]
 68125 | Swamp:1  | Killed from afar by a will-o-the-wisp

Vanquished Creatures
  Vashnia (Snake:4)
  Jorgrun (D:14)
  Rupert (Lair:3)
  2 deep elf blademasters (Elf:3)
  Gastronok (D:11)
  Kirke (D:13)
  2 deep elf master archers (Elf:3)
  Roxanne (D:14)
  5 nagarajas
  Louise (D:14)
  3 deep elf sorcerers (Elf:3)
  3 deep elf elementalists (Elf:3)
  Aizul (Snake:3)
  A deep elf demonologist (Elf:3)
  Nessos (D:13)
  9 deep elf annihilators
  5 deep elf death magi (Elf:3)
  A spark wasp (shapeshifter) (D:14)
  Snorg (Lair:6)
  3 fire dragons
  8 naga warriors
  3 deep elf high priests (Elf:3)
  5 salamander tyrants (Snake:4)
  3 boulder beetles
  6 hydras
  Harold (D:8)
  Erolcha (D:11)
  4 ogre magi
  2 centaur warriors
  13 anacondas
  2 death knights
  12 two-headed ogres
  3 thrashing horrors (Lair:6)
  9 naga sharpshooters
  3 death yaks (Lair:3)
  7 shock serpents
  16 deep elf knights
  Nergalle (Lair:4)
  4 skeletal warriors (D:15)
  5 salamander mystics
  6 naga ritualists
  A bog body (Lair:2)
  A wizard (D:15)
  A phantasmal warrior (D:15)
  15 deep elf archers
  3 orc knights
  26 deep elf pyromancers
  5 mana vipers
  9 orc sorcerers (Orc:2)
  21 deep elf zephyrmancers
  5 oklob plants (Lair:6)
  22 salamanders
  6 cyclopes
  17 ugly things
  3 manticores
  Maurice (D:11)
  17 elephants
  9 guardian serpents
  19 naga magi
  43 black mambas
  2 smoke demons (Lair:6)
  A torpor snail (Lair:6)
  13 cane toads
  2 rime drakes
  2 unseen horrors
  A freezing wraith (D:15)
  A kobold demonologist (D:14)
  12 komodo dragons
  An efreet (D:14)
  2 tengu conjurers (D:11)
  An ancient zyme (Lair:6)
  6 trolls
  3 hornets
  6 polar bears
  12 blink frogs
  3 slime creatures (D:12)
  12 dancing weapons
  12 dream sheep
  2 large abominations
  A shadow (D:13)
  6 wyverns
  2 spriggans
  An air elemental (Elf:2)
  3 wraiths
  A ynoxinul (Lair:5)
  5 water elementals
  5 hogs (D:13)
  42 yaks
  4 fire elementals (Elf:1)
  A steam dragon (D:8)
  A human (D:13)
  10 basilisks
  3 chaos spawn
  43 nagas
  11 vampire mosquitoes
  3 swamp worms (Lair:2)
  20 water moccasins
  2 acid dragons
  8 small abominations (Lair:6)
  2 wargs
  A cane toad zombie (D:9)
  15 orc warriors
  5 sky beasts
  2 black bears
  26 wolves
  3 necrophages
  2 centaurs
  14 ogres
  A phantom (D:6)
  2 kobold brigands (D:14)
  Blork the orc (D:6)
  11 bullfrogs
  A gnoll sergeant (D:6)
  3 scorpions
  4 earth elementals
  16 killer bees
  4 wights (D:7)
  An electric eel (Lair:2)
  A howler monkey (D:12)
  3 jellies (D:6)
  20 orc priests
  2 hounds
  A jelly (shapeshifter) (Lair:6)
  2 bullfrog skeletons
  A centaur skeleton (D:5)
  3 iguanas
  39 orc wizards
  6 hell rats (Lair:6)
  A killer bee zombie (D:9)
  A howler monkey zombie (D:8)
  8 adders
  7 gnolls
  A howler monkey skeleton (D:7)
  3 shadow imps (D:5)
  A white imp (D:7)
  4 worms
  4 dart slugs
  82 orcs
  3 ball pythons
  9 bats
  6 endoplasms
  5 giant cockroaches
  9 goblins
  7 hobgoblins
  3 jackals (D:2)
  12 kobolds
  2 quokkas
  4 frilled lizards
  4 rats
  3 ball lightnings
  2 bushes (Lair:6)
  3 butterflies (Lair:5)
1024 creatures vanquished.

Vanquished Creatures (collateral kills)
  An orc (Orc:1)
  100 ball lightnings
101 creatures vanquished.

Vanquished Creatures (others)
  A deep elf knight (Elf:2)
  An ugly thing (D:14)
  A kobold brigand (D:9)
  An orc wizard (D:6)
  2 orcs (D:6)
  1143 ball lightnings
  A butterfly (D:9)
  5 foxfires (Swamp:1)
  381 fulminant prisms
  86 fungi
  124 plants
1746 creatures vanquished.

Grand Total: 2871 creatures vanquished

Table legend:
 A = Non-vault XP
 B = Vault XP
 C = Vault XP percentage of total XP
 D = Non-vault monster count
 E = Vault monster count
 F = Vault count percentage of total count
                 A         B        C        D         E       F
            +---------+---------+-------+---------+---------+-------
      Total |  228512 |  148303 |  39.4 |     754 |     263 |  25.9
            +---------+---------+-------+---------+---------+-------
        D:1 |      46 |       0 |   0.0 |      24 |       0 |   0.0
        D:2 |     212 |      18 |   7.8 |      30 |       4 |  11.8
        D:3 |     195 |       5 |   2.5 |      24 |       3 |  11.1
        D:4 |     639 |       0 |   0.0 |      23 |       0 |   0.0
        D:5 |     558 |       0 |   0.0 |      10 |       0 |   0.0
        D:6 |    1245 |      91 |   6.8 |      23 |       1 |   4.2
        D:7 |    1184 |       0 |   0.0 |      18 |       0 |   0.0
        D:8 |    1561 |     976 |  38.5 |      45 |       1 |   2.2
        D:9 |    2955 |       0 |   0.0 |      37 |       0 |   0.0
       D:10 |     769 |     133 |  14.7 |      10 |       8 |  44.4
       D:11 |    4096 |    3812 |  48.2 |      15 |       3 |  16.7
       D:12 |    4078 |    2010 |  33.0 |      14 |       3 |  17.6
       D:13 |    3837 |    4458 |  53.7 |      13 |       7 |  35.0
       D:14 |   12031 |   12885 |  51.7 |      19 |      22 |  53.7
       D:15 |   20968 |    2067 |   9.0 |      34 |       2 |   5.6
     Lair:1 |    2352 |     488 |  17.2 |      12 |       2 |  14.3
     Lair:2 |    4800 |    2618 |  35.3 |      18 |       8 |  30.8
     Lair:3 |    7264 |    7940 |  52.2 |      18 |      25 |  58.1
     Lair:4 |    6520 |    2570 |  28.3 |      25 |       5 |  16.7
     Lair:5 |   10640 |    2114 |  16.6 |      32 |       9 |  22.0
     Lair:6 |   11793 |   12722 |  51.9 |      44 |      36 |  45.0
    Swamp:1 |     497 |       0 |   0.0 |       2 |       0 |   0.0
    Snake:1 |   16281 |       0 |   0.0 |      35 |       0 |   0.0
    Snake:2 |   12351 |       0 |   0.0 |      28 |       0 |   0.0
    Snake:3 |   22525 |   17390 |  43.6 |      42 |      20 |  32.3
    Snake:4 |   15042 |   27018 |  64.2 |      29 |      37 |  56.1
      Orc:1 |    1699 |       0 |   0.0 |      12 |       0 |   0.0
      Orc:2 |    2804 |    6716 |  70.5 |      24 |      34 |  58.6
      Elf:1 |   25386 |    4809 |  15.9 |      42 |       8 |  16.0
      Elf:2 |   20663 |     913 |   4.2 |      33 |       1 |   2.9
      Elf:3 |   13521 |   36550 |  73.0 |      19 |      24 |  55.8
            +---------+---------+-------+---------+---------+-------

Illustrated notes

Table legend:
 A = Kills in this place as a percentage of kills in entire the game.
 B = Kills by you in this place as a percentage of kills by you in the entire game.
 C = Kills by friends in this place as a percentage of kills by friends in the entire game.
 D = Other kills in this place as a percentage of other kills in the entire game.
 E = Experience gained in this place as a percentage of experience gained in the entire game.
 F = Experience gained in this place divided by the number of levels of this place that you have seen.
                   A       B       C       D       E      F
               +-------+-------+-------+-------+-------+----------------------
         Total | 100.0 | 100.0 | 100.0 | 100.0 | 100.0 | 11775.5
       Dungeon |  38.6 |  38.7 |   0.0 |  50.0 |  21.5 | 5388.6
          Lair |  23.0 |  23.1 |   0.0 |   0.0 |  19.1 | 11970.2
         Swamp |   0.2 |   0.2 |   0.0 |   0.0 |   0.1 | 497.0
     Snake Pit |  18.8 |  18.8 |   0.0 |   0.0 |  29.4 | 27651.8
  Orcish Mines |   6.9 |   6.8 | 100.0 |   0.0 |   3.0 | 5609.5
   Elven Halls |  12.5 |  12.4 |   0.0 |  50.0 |  27.0 | 33947.3
               +-------+-------+-------+-------+-------+----------------------

Table legend: (Time is in decaauts)
 A = Elapsed time spent in this place.
 B = Non-inter-level travel time spent in this place.
 C = Inter-level travel time spent in this place.
 D = Time resting spent in this place.
 E = Time spent auto-exploring this place.
 F = Levels seen in this place.
 G = Mean time per level.
                   A        B        C        D        E       F      G
               +--------+--------+--------+--------+--------+-----+--------+
         Total |  68331 |  63800 |   4531 |  30685 |  17101 |  32 | 2135.3 |
       Dungeon |  24994 |  22732 |   2262 |   8961 |   9354 |  15 | 1666.3 |
        Temple |     31 |     21 |     10 |      0 |     13 |   1 |   31.0 |
          Lair |  16812 |  15726 |   1086 |   8716 |   3886 |   6 | 2802.0 |
         Swamp |     12 |     12 |      0 |      0 |      0 |   1 |   12.0 |
     Snake Pit |  11724 |  11388 |    336 |   5772 |   2107 |   4 | 2931.0 |
  Orcish Mines |   4994 |   4346 |    648 |   2317 |    806 |   2 | 2497.0 |
   Elven Halls |   9761 |   9572 |    189 |   4919 |    935 |   3 | 3253.7 |
               +--------+--------+--------+--------+--------+-----+--------+

Top non-repeatable levels by time:
  Lair:5: 4761 daAuts
 Snake:3: 4717 daAuts
   Elf:3: 3989 daAuts
   Orc:2: 3917 daAuts
  Lair:6: 3154 daAuts
   Elf:1: 3007 daAuts
    D:14: 2953 daAuts
   Elf:2: 2764 daAuts
    D:15: 2598 daAuts
 Snake:4: 2548 daAuts
  Lair:4: 2394 daAuts
  Lair:2: 2315 daAuts
 Snake:1: 2276 daAuts
 Snake:2: 2182 daAuts
  Lair:1: 2104 daAuts
